 Dungeon Crawl Stone Soup version 0.21-a0-421-gfc1ce30 (webtiles) character file.

882 Meenos the Covert (level 7, -1/36 HPs)
             Began as a Spriggan Assassin on Nov 4, 2017.
             Was an Initiate of Gozag.
             Slain by an orc
             ... wielding a +0 mace
              (9 damage)
             ... on level 6 of the Dungeon.
             The game lasted 01:34:17 (4214 turns).

Meenos the Covert (Spriggan Assassin)               Turns: 4214, Time: 01:34:18

Health: -1/36      AC:  3    Str:  7    XL:     7   Next: 76%
Magic:  8/8        EV: 18    Int: 12    God:    Gozag
Gold:   515        SH:  0    Dex: 20    Spells: 6/6 levels left

rFire    . . .     SeeInvis +   a - +2 dagger (venom)
rCold    . . .     Gourm    .   (shield restricted)
rNeg     . . .     Faith    .   c - +0 robe
rPois    +         Spirit   .   (helmet restricted)
rElec    .         Reflect  .   d - +0 cloak
rCorr    .         Harm     .   (gloves unavailable)
MR       +....                  (boots unavailable)
Stlth    ++++......             (no amulet)
HPRegen  0.12/turn              y - ring of poison resistance
MPRegen  0.11/turn              (no ring)

@: very quick
A: unfitting armour, see invisible, herbivore 3, speed 3, slow metabolism 2
a: Potion Petition, Call Merchant, Bribe Branch, Renounce Religion


You were on level 6 of the Dungeon.
You worshipped Gozag.
Gozag was pleased with you.
You were hungry.

You visited 1 branch of the dungeon, and saw 6 of its levels.

You collected 533 gold pieces.
You paid 18 gold pieces to Gozag.

Inventory:

Hand Weapons
 a - a +2 dagger of venom (weapon)
 b - a +0 blowgun
 u - a +2 dagger of speed
Missiles
 e - 5 poisoned needles
Armour
 c - a +0 robe (worn)
 d - a +0 cloak (worn)
Jewellery
 y - a ring of poison resistance (left hand)
Scrolls
 f - a scroll of fog {unknown}
 h - 4 scrolls of remove curse {unknown}
 j - 2 scrolls of identify
 l - 2 scrolls of teleportation {unknown}
 o - a scroll of enchant armour {unknown}
 r - 2 scrolls of magic mapping {unknown}
 t - 2 scrolls of recharging {unknown}
 D - a scroll of noise {unknown}
 E - a scroll of summoning {unknown}
Potions
 i - a potion of heal wounds {unknown}
 k - a potion of lignification {unknown}
 m - 2 potions of agility
 n - a potion of curing
 p - a potion of mutation {unknown}
 z - a potion of brilliance {unknown}
 A - a potion of degeneration {unknown}
 B - a potion of cancellation {unknown}
 C - a potion of magic {unknown}
 F - a potion of flight {unknown}
Comestibles
 g - 3 bread rations
 q - 3 royal jellies
 s - 4 fruits


   Skills:
 + Level 3.3 Fighting
 * Level 7.9 Short Blades
 - Level 2.5 Throwing
 - Level 2.4 Dodging
 - Level 8.0 Stealth


You had 6 spell levels left.
You didn't know any spells.

Dungeon Overview and Level Annotations

Branches:
Dungeon (7/15)             Temple (0/1) D:6

Altars:
Cheibriados
Elyvilon
Gozag
Nemelex Xobeh
Trog
Vehumet
The Shining One

Shops:
D:6 [[   D:7 *


Innate Abilities, Weirdness & Mutations

You are very small and have problems with some larger weapons.
You are too small for most types of armour.
You have supernaturally acute eyesight. (SInv)
You are a herbivore.
You cover ground extremely quickly.
You need consume almost no food.


Message History

The orc is heavily wounded.
The orc barely misses you.
You closely miss the orc.
The orc is heavily wounded.
You barely miss the orc.
The orc is heavily wounded.
The orc hits you with a mace!
* * * LOW HITPOINT WARNING * * *
You hit the orc but do no damage.
The orc is heavily wounded.
You hit the orc but do no damage.
The orc is poisoned.
The orc is heavily wounded.
The orc misses you.
You hit the orc but do no damage.
The orc looks as sick as possible!
The orc is heavily wounded.
You hit the orc but do no damage.
The orc looks as sick as possible!
The orc is almost dead.
The orc hits you with a mace!
You die...
Your body crumbles into a pile of gold.

#§§§§≈≈≈≈≈≈§###..#
#≈§≈≈≈≈≈≈≈§§# #..#
#≈≈≈≈≈≈≈≈≈≈≈# ##.#
############# #.# #....#
#.# #....# #.## #....# #..#
#.)..# #.. #..## +.@..#
#.### ##..# +.o..# #.#<#
#..# #############....#
#.#.# ##.#
.................# #.#.#
#..
.................####.#.#
#..
...........(...)).......#.#
#..
#.......#########.....∩.#.#
#.. #.......#
#..........#.###[.
#.......#
#..........#......


You could see an orc.

Vanquished Creatures
  A water moccasin (D:7)
  An orc warrior (D:6)
  An ogre (D:4)
  2 howler monkeys
  A crimson imp (D:6)
  A hound (D:6)
  A bullfrog skeleton (D:3)
  2 orc priests
  Terence (D:2)
  5 worker ants
  A hound zombie (D:6)
  Robin (D:2)
  3 gnolls (D:3)
  6 adders
  A shadow imp (D:6)
  An ooze (D:3)
  2 worms
  2 dart slugs
  6 leopard geckos
  6 orcs
  7 bats
  2 giant cockroaches
  16 goblins
  10 hobgoblins
  7 jackals
  2 quokkas (D:3)
  10 frilled lizards
  10 kobolds
  2 leopard gecko skeletons
  11 rats
122 creatures vanquished.

Notes
Turn   | Place    | Note
-------+----------+-------------------------------------------
     0 | D:1      | Meenos the Spriggan Assassin began the quest for the Orb.
     0 | D:1      | Reached XP level 1. HP: 10/10 MP: 2/2
    52 | D:1      | Reached skill level 6 in Stealth
   204 | D:1      | Reached XP level 2. HP: 14/14 MP: 3/3
   620 | D:1      | Reached skill level 7 in Stealth
   620 | D:1      | Reached XP level 3. HP: 17/18 MP: 4/4
  1140 | D:2      | Noticed Terence
  1157 | D:2      | Killed Terence
  1157 | D:2      | Reached XP level 4. HP: 23/23 MP: 5/5
  1358 | D:2      | Noticed Robin
  1387 | D:2      | Killed Robin
  1409 | D:2      | Reached skill level 8 in Stealth
  1433 | D:2      | Found a white marble altar of Elyvilon.
  1525 | D:2      | Found a radiant altar of Vehumet.
  1526 | D:2      | Found a snail-covered altar of Cheibriados.
  1527 | D:2      | Found a glowing golden altar of the Shining One.
  1529 | D:2      | Found a sparkling altar of Nemelex Xobeh.
  1531 | D:2      | Found an opulent altar of Gozag.
  1845 | D:2      | Became a worshipper of Gozag Ym Sagoz the Greedy
  2078 | D:3      | Reached XP level 5. HP: 26/26 MP: 6/6
  2292 | D:3      | Found a bloodstained altar of Trog.
  3173 | D:4      | Reached XP level 6. HP: 30/30 MP: 7/7
  3201 | D:4      | Reached skill level 5 in Short Blades
  3511 | D:4      | You fall through a shaft for 3 floors!
  3601 | D:7      | Noticed a water moccasin
  3649 | D:7      | Killed a water moccasin
  3649 | D:7      | Reached XP level 7. HP: 30/35 MP: 8/8
  3714 | D:7      | Found Huut's Assorted Antiques.
  3859 | D:6      | Found a staircase to the Ecumenical Temple.
  3990 | D:6      | Found Roaqa's Armour Emporium.
  3993 | D:6      | Found Kadoraud's Antique Armour Shoppe.
  4214 | D:6      | Slain by an orc

Vault maps used:
D:1:      onia_arrival_mini_maze, lemuel_another_geyser
D:2:      minitemple, grunt_ministairs_10, uniq_terence, uniq_robin
D:3:      trog_butcher_becter
D:4:      first_bread
D:6:      minmay_temple_entry_poolview, serial_shops, shop, shop
D:7:      serial_shops, shop

Skill      XL: |  1  2  3  4  5  6  7 |
---------------+----------------------+-----
Stealth        | 6 7 8 |  8.0
Dodging        | 2 |  2.4
Fighting       | 2 3 |  3.3
Short Blades   | 3 4 6 7 |  7.9
Throwing       | |  2.5

Action                   |  1- 3 |  4- 6 |  7- 9 || total
-------------------------+-------+-------+-------++-------
Melee: Dagger            |    69 |   166 |    70 ||   305
 Fire: Blowgun           |    17 |    19 |     7 ||    43
Throw: Tomahawk          |       |     6 |     9 ||    15
Invok: Potion Petition   |       |     1 |       ||     1
  Use: Potion            |       |     2 |     2 ||     4
       Scroll            |       |       |     2 ||     2
 Stab: Sleeping          |    13 |    19 |     1 ||    33
       Distracted        |     1 |     2 |       ||     3
       Invisible         |       |     1 |       ||     1
Armor: Robe              |    17 |    14 |     2 ||    33
Dodge: Dodged            |    62 |   100 |    35 ||   197

Table legend:
 A = Spawn XP
 B = Non-spawn XP
 C = Spawn XP percentage of total XP
 D = Spawn monster count
 E = Non-spawn monster count
 F = Spawn count percentage of total count
 G = Total turns spent on level
                    A         B        C        D         E        F      G
               +---------+---------+-------+---------+---------+-------+---------
         Total |       0 |    1261 |   0.0 |       0 |     122 |   0.0 |  4214
               +---------+---------+-------+---------+---------+-------+---------
           D:1 |       0 |      45 |   0.0 |       0 |      28 |   0.0 |   956
           D:2 |       0 |     141 |   0.0 |       0 |      37 |   0.0 |  1058
           D:3 |       0 |     193 |   0.0 |       0 |      30 |   0.0 |  1120
           D:4 |       0 |     255 |   0.0 |       0 |      10 |   0.0 |   377
           D:6 |       0 |     364 |   0.0 |       0 |      11 |   0.0 |   426
           D:7 |       0 |     263 |   0.0 |       0 |       6 |   0.0 |   277
               +---------+---------+-------+---------+---------+-------+---------
